Cogmind - Beta 15 @@@ ROGUE MODE // 2025.06.03 @ 12:26:57 Player: Nisakard Result: Self-destructed Performance ------------- Evolutions (2) 1000 Regions Visited (4) 800 Robots Destroyed (37) 185 Value Destroyed (580) 580 Prototype IDs (5) 100 Alien Tech Used (0) 0 Bonus (14) 14 TOTAL SCORE: 2679 Bonus ------- Follower Combat Kills 14 Cogmind --------- Core Integrity 550/550 Matter 285/300 Energy 200/200 System Corruption 0% Temperature Cool (0) Movement Rolling (140) Ox4 Location -8/Materials Parts ------- > --- POWER (1) -------- Subdweller Power Source > --- PROPULSION (3) --- Wheel Wheel > --- UTILITY (4) ------ Huge Storage Unit Signal Interpreter > --- WEAPON (3) ------- (None) > --- INVENTORY (25) --- Ion Engine Light Ion Engine Light Ion Engine Light Treads Light Treads Wheel Wheel Wheel Improved Heat Sink Huge Storage Unit High-capacity Matter Pod (200) Machine Analyzer Experimental Sensor Array Seismic Detector Targeting Computer ECM Suite ECM Suite Light Armor Plating Makeshift Hacking Suite EM Pulse Gun Grenade Launcher Datajack Mining Laser Peak State ------------ > --- POWER ------------ Subdweller Power Source > --- PROPULSION ------- Wheel Compact Wheel > --- UTILITY ---------- Huge Storage Unit Signal Interpreter > --- WEAPON ----------- Battle Rifle Subdweller Machine Gun > --- INVENTORY -------- Ion Engine Light Ion Engine Light Ion Engine Light Treads Light Treads Wheel Wheel Wheel Wheel Wheel Improved Heat Sink Huge Storage Unit High-capacity Matter Pod Machine Analyzer Experimental Sensor Array Seismic Detector Targeting Computer ECM Suite ECM Suite Light Armor Plating Makeshift Hacking Suite EM Pulse Gun Grenade Launcher Datajack Mining Laser [Rating: 14] Favorites ----------- Power Light Ion Engine Engine Light Ion Engine Propulsion Wheel Wheel Wheel Utility Huge Storage Unit Device Tractor Beam Storage Huge Storage Unit Processor Signal Interpreter Weapon EM Pulse Gun Energy Gun EM Pulse Gun Energy Cannon Beam Cannon Ballistic Gun Light Assault Rifle Launcher Grenade Launcher Build | -11 -10 -10 -10 -8 ------- Run | Yrd Mat Min Sub Mat Slots Evolved 4 | . . . . 4 Power . | . . . . . Propulsion 1 | . . . . 1 Utility 2 | . . . . 2 Weapon 1 | . . . . 1 Parts Attached 30 | 7 10 8 5 . Power 5 | 1 2 1 1 . Engine 5 | 1 2 1 1 . Core . | . . . . . Reactor . | . . . . . Propulsion 9 | 2 3 2 2 . Treads . | . . . . . Leg . | . . . . . Wheel 9 | 2 3 2 2 . Hover . | . . . . . Flight . | . . . . . Utility 5 | 2 1 2 . . Device 2 | 1 . 1 . . Storage 2 | 1 1 . . . Processor 1 | . . 1 . . Hackware . | . . . . . Protection . | . . . . . Artifact . | . . . . . Weapon 11 | 2 4 3 2 . Energy Gun 4 | 1 1 2 . . Energy Cannon 2 | . 2 . . . Ballistic Gun 4 | 1 1 . 2 . Ballistic Cannon . | . . . . . Launcher 1 | . . 1 . . Special Weapon . | . . . . . Impact Weapon . | . . . . . Slashing Weapon . | . . . . . Piercing Weapon . | . . . . . Special Melee Weapon . | . . . . . Unidentified Prototypes . | . . . . . Parts Lost 11 | . 3 4 4 . Power . | . . . . . Propulsion 5 | . 1 2 2 . Utility 1 | . . 1 . . Weapon 5 | . 2 1 2 . Highest Loss Streak 3 | . 1 2 3 . To Critical Strikes . | . . . . . Average Backups 21 | 1 17 23 24 . Power 3 | 1 3 4 3 . Propulsion 6 | . 5 7 6 . Utility 7 | . 6 8 10 . Weapon 3 | . 2 3 3 . Tool/Special . | . . . . . Unused Backups 23 | . 3 . 1 19 Power 3 | . . . 1 2 Propulsion 5 | . . . . 5 Utility 12 | . 2 . . 10 Weapon 2 | . 1 . . 1 Tool/Special 1 | . . . . 1 Average Slot Usage (%) 94 | . 96 92 98 . Engine 14 | . 14 14 14 . Wheel 23 | . 27 20 26 . Device 7 | . 14 5 . . Storage 14 | . 14 14 14 . Processor 6 | . . 8 14 . Energy Gun 12 | . 10 13 7 . Ballistic Gun 14 | . 13 14 20 . Peak Build Rating 14 | 7 9 10 14 . Average Rating 9 | 5 8 9 11 . On Entrance 7 | . 7 9 10 9 Naked Turns . | . . . . . Heaviest Build 92 | 15 92 88 91 . Greatest Support 26 | 20 20 26 26 . Greatest Overweight (x) 8 | 1 8 8 5 . Average Overweight (x) 4 | . 3 5 3 . Largest Inventory Capacity 25 | 8 25 25 25 . Average Capacity 24 | 7 24 25 25 . Most Carried 25 | 5 24 25 25 . Average Carried 21 | 1 17 23 24 . Final Capacity 25 | 8 25 25 25 25 Final Carried 24 | 5 23 24 23 23 Class Distribution -------------------- 88% | Mutant 11% | Scavenger-Mutant Dominant Class ---------------- Mutant | -10/Materials Mutant | -10/Mines Mutant | -10/Subcaves Mutant | -8/Materials Resources | -11 -10 -10 -10 -8 ----------- Run | Yrd Mat Min Sub Mat Matter Collected 1063 | 282 499 186 96 . Remotely 559 | 210 349 . . . Salvage Created 1067 | 96 666 185 120 . Parts 80 | 5 49 19 7 . Haulers Intercepted 1 | . 1 . . . Recyclers Shooed 2 | . 2 . . . Parts Field Recycled . | . . . . . Retrieved Matter . | . . . . . Parts Self-Destructed 19 | . . . 19 . Prevented . | . . . . . Kills | -11 -10 -10 -10 -8 ------- Run | Yrd Mat Min Sub Mat Combat Hostiles Destroyed 24 | . 13 7 4 . Guns 21 | . 12 5 4 . AOE 3 | . 1 2 . . Classes Destroyed 9 | 2 6 . 1 . Worker 3 | . 3 . . . Builder 1 | . 1 . . . Tunneler 2 | 1 . 1 . . Hauler 1 | . 1 . . . Recycler 3 | 1 1 1 . . Watcher 3 | . 3 . . . Swarmer 15 | . 6 7 2 . Grunt 8 | . 7 . 1 . Sentry 1 | . . . 1 . Best Kill Streak 6 | 2 6 4 4 . Combat Bots Only 5 | . 5 3 4 . Max Kills in Single Turn 2 | 1 1 2 1 . Gunslinging . | . . . . . Exploded 1 | . 1 1 . . Melee . | . . . . . Uniques/NPCs Destroyed . | . . . . . Combat | -11 -10 -10 -10 -8 -------- Run | Yrd Mat Min Sub Mat Hostile Shots Fired 146 | . 59 32 55 . Missed 40 | . 16 6 18 . Hits 106 | . 43 26 37 . Projectile 106 | . 43 26 37 . Critical Strikes 1 | . . . 1 . Damage Taken 1150 | . 513 277 360 . Core 182 | . 80 39 63 . Absorbed by Shields . | . . . . . Core Remaining (%) 63 | 100 . . 27 . Volleys Fired 99 | 4 65 19 11 . Largest 2 | 2 2 2 2 . Hottest 70 | 70 70 60 55 . Shots Fired 172 | 8 103 38 23 . Gun 169 | 8 103 35 23 . Cannon . | . . . . . Launcher 3 | . . 3 . . Special . | . . . . . Kinetic 107 | 4 61 19 23 . Thermal 38 | 4 34 . . . Explosive 3 | . . 3 . . Electromagnetic 24 | . 8 16 . . Robot Hit Streak 7 | 4 7 4 3 . Robot Miss Streak 8 | 2 3 5 8 . Penetration Max . | . . . . . Secondary Targets 2 | . . 1 1 . Max Gunslinging Chain 1 | . . 1 1 . Shots Hit Robots 90 | 4 65 14 7 . Core Hits 53 | 3 33 13 4 . Critical Kills . | . . . . . Critical Parts Destroyed 1 | . . . 1 . Critical Strikes 5 | . 4 . 1 . Burn 3 | . 3 . . . Destroy 1 | . . . 1 . Corrupt 1 | . 1 . . . Melee Attacks . | . . . . . Impact . | . . . . . Slashing . | . . . . . Piercing . | . . . . . Sneak Attacks . | . . . . . Combat Hostiles . | . . . . . Follow-up Attacks . | . . . . . Damage Inflicted 1346 | 52 873 284 137 . Guns 1194 | 52 835 170 137 . Cannons . | . . . . . Explosions 130 | . 35 95 . . Melee . | . . . . . Ramming 22 | . 3 19 . . Kinetic 660 | 40 441 42 137 . Thermal 395 | 12 360 23 . . Explosive 72 | . . 72 . . Electromagnetic 197 | . 69 128 . . Impact . | . . . . . Slashing . | . . . . . Piercing . | . . . . . Highest Corruption 2 | . 2 2 2 . Average Corruption 2 | . 2 2 2 . Corruption Purged . | . . . . . Corruption Blocked . | . . . . . Effects 51 | . 6 33 12 . Message Errors 15 | . 1 13 1 . Matter Fused 13 | . 3 8 2 . Heat Flow Errors 4 | . 1 2 1 . Energy Discharges 9 | . 1 7 1 . Data Loss (minor) 7 | . . 2 5 . Data Loss (major) 2 | . . 1 1 . Misfires 1 | . . . 1 . Overload Shots . | . . . . . Overflow Damage 4 | . . 4 . . Projectiles . | . . . . . Explosions 4 | . . 4 . . Melee . | . . . . . Knockbacks . | . . . . . Impact . | . . . . . Kinetic . | . . . . . Secondary . | . . . . . Self-Inflicted Damage 87 | . 39 48 . . Shots 2 | . 1 1 . . Rammed 3 | . 1 2 . . Targets Rammed 3 | . 1 2 . . Kicked . | . . . . . Crushed . | . . . . . Highest Temperature 210 | . 210 166 66 . Average Temperature 41 | . 41 42 46 . Received Heat Transfer 330 | . 207 . 123 . Siege Activations . | . . . . . Martial Activations . | . . . . . Shielding Activations . | . . . . . Robots Disrupted . | . . . . . Combat Hostiles . | . . . . . Robots Corrupted . | . . . . . Combat Hostiles . | . . . . . Parts Fried 1 | . . 1 . . Impact Corruptions . | . . . . . Robots Melted . | . . . . . Combat Hostiles . | . . . . . Parts Melted . | . . . . . Heat Transferred 1321 | 37 1234 50 . . Parts Sabotaged . | . . . . . Parts Stolen . | . . . . . Parts Stripped . | . . . . . Power Chain Reactions 2 | . 1 1 . . Alert | -11 -10 -10 -10 -8 ------- Run | Yrd Mat Min Sub Mat Maximum Alert Level . | . . . . . Low Security (%) 100 | 100 100 100 . . Level 1 . | . . . . . Level 2 . | . . . . . Level 3 . | . . . . . Level 4 . | . . . . . Level 5 . | . . . . . High Security . | . . . . . Max Security . | . . . . . Peak Influence 128 | 5 128 71 . . Initial 13 | . . 3 . 13 Average 22 | 1 41 11 . . Influence Increases 808 | 10 462 256 80 . Destroy 0b10 Robot/C 520 | . 260 180 80 . Destroy 0b10 Robot/NC 65 | 10 45 10 . . Destroy Leader 78 | . 48 30 . . Allied During Kill 4 | . . 4 . . Successful Hack 44 | . 44 . . . Select Force Hacks 30 | . 30 . . . Disable Machine 15 | . 15 . . . Destroy Structure 22 | . 5 17 . . Lose Combat Pursuer 30 | . 15 15 . . Influence Decreases 795 | 10 452 218 102 13 Entered New Map 46 | . . 7 26 13 Time Decay 608 | 10 381 171 46 . Lost Part 90 | . 20 40 30 . Purge Threat 51 | . 51 . . . Squads Dispatched 3 | . 3 . . . Investigation 2 | . 2 . . . Extermination . | . . . . . Reinforcement 1 | . 1 . . . Assault . | . . . . . Garrison . | . . . . . Intercept . | . . . . . Searches Triggered . | . . . . . Construction Impeded . | . . . . . Haulers Reinforced . | . . . . . Active Scanning Responses . | . . . . . Cargo Convoy Interrupts . | . . . . . Stealth | -11 -10 -10 -10 -8 --------- Run | Yrd Mat Min Sub Mat Distress Signals . | . . . . . Communications Jammed . | . . . . . Distress Signals . | . . . . . Times Spotted 41 | . 22 10 9 . Peak Tracking Total 5 | . 5 3 5 . Tactical Retreats 2 | . 1 1 . . Traps | -11 -10 -10 -10 -8 ------- Run | Yrd Mat Min Sub Mat Traps Triggered 1 | . 1 . . . Indirectly . | . . . . . Trap Hack Attempts . | . . . . . Triggered . | . . . . . Disarmed . | . . . . . Reprogrammed . | . . . . . Reused . | . . . . . Traps Extracted . | . . . . . Installed . | . . . . . Triggered . | . . . . . Machines | -11 -10 -10 -10 -8 ---------- Run | Yrd Mat Min Sub Mat Machines Disabled 1 | . 1 . . . Max in Single Turn 1 | . 1 . . . Machines Repaired . | . . . . . Machines Dismantled . | . . . . . Machines Sabotaged . | . . . . . Overloaded Fab Kills . | . . . . . Hacking | -11 -10 -10 -10 -8 --------- Run | Yrd Mat Min Sub Mat Machines Accessed 9 | . 8 1 . . Terminals 8 | . 7 1 . . Fabricators . | . . . . . Repair Stations . | . . . . . Recycling Units 1 | . 1 . . . Scanalyzers . | . . . . . Garrison Access . | . . . . . Total Hacks 28 | . 23 5 . . Successful 15 | . 13 2 . . Failed 13 | . 10 3 . . Catastrophic 2 | . 1 1 . . Database Lockouts . | . . . . . Manual 21 | . 16 5 . . Terminals 25 | . 20 5 . . Fabricators . | . . . . . Repair Stations . | . . . . . Recycling Units 3 | . 3 . . . Scanalyzers . | . . . . . Garrison Access . | . . . . . Terminal Hacks 12 | . 10 2 . . Prototype ID Bank 3 | . 3 . . . Branch Access Points 2 | . 1 1 . . Emergency Access Points 1 | . . 1 . . Terminal Index 1 | . 1 . . . Unreport Threat 2 | . 2 . . . Locate Traps 1 | . 1 . . . Recall Investigation 2 | . 2 . . . Fabricator Hacks . | . . . . . Repair Station Hacks . | . . . . . Recycling Unit Hacks 1 | . 1 . . . Report Inventory 1 | . 1 . . . Scanalyzer . | . . . . . Garrison Access Hacks . | . . . . . Unauthorized Hacks 2 | . 2 . . . Terminals . | . . . . . Fabricators . | . . . . . Repair Stations . | . . . . . Recycling Units 2 | . 2 . . . Recyclers 1 | . 1 . . . Tunnel 1 | . 1 . . . Scanalyzers . | . . . . . Garrison Access . | . . . . . Data Cores Recovered . | . . . . . Used . | . . . . . Hacking Detections 8 | . 7 1 . . Full Trace Events 1 | . 1 . . . Feedback Events . | . . . . . Feedback Blocked . | . . . . . Robot Schematics Acquired . | . . . . . Robots Built . | . . . . . Authchips . | . . . . . Time . | . . . . . Total Robot Build Rating . | . . . . . Part Schematics Acquired . | . . . . . Parts Built . | . . . . . Authchips . | . . . . . Time . | . . . . . Total Part Build Rating . | . . . . . Parts Repaired . | . . . . . Time . | . . . . . Parts Recycled . | . . . . . Recycled Matter . | . . . . . Retrieved Matter . | . . . . . Retrieved Components . | . . . . . Parts Scanalyzed . | . . . . . Part Schematics Acquired . | . . . . . Parts Damaged . | . . . . . Bothacking | -11 -10 -10 -10 -8 ------------ Run | Yrd Mat Min Sub Mat Used RIF Installer . | . . . . . Robots Hacked . | . . . . . Non-combat . | . . . . . Combat . | . . . . . Robot Hacks Applied . | . . . . . Relay Couplers Released . | . . . . . Fabnet Peak Effective % . | . . . . . Robots Rewired . | . . . . . Allies Hacked . | . . . . . Hacks Repelled . | . . . . . Allies | -11 -10 -10 -10 -8 -------- Run | Yrd Mat Min Sub Mat Total Allies 1 | . . 1 . . Largest Group 1 | . . 1 . . Highest-Rated Group 31 | . . 31 . . Highest-Rated Ally 31 | . . 31 . . Total Orders . | . . . . . Ally Attacks 6 | . . 6 . . Total Damage 62 | . . 62 . . Kills 2 | . . 2 . . Allies Corrupted . | . . . . . Allies Melted . | . . . . . Intel | -11 -10 -10 -10 -8 ------- Run | Yrd Mat Min Sub Mat Active Infowar (turns) 659 | . . 659 . . Seismic 659 | . . 659 . . Robot Analysis Total . | . . . . . Derelict Logs Recovered 1 | . . 1 . . Drone Launches . | . . . . . Drone Recoveries . | . . . . . Exploration | -11 -10 -10 -10 -8 ------------- Run | Yrd Mat Min Sub Mat Turns Passed 4567 | 59 1522 2419 567 . Spaces Moved 2597 | 40 870 1314 373 . Core 3 | 3 . . . . Treads . | . . . . . Legs . | . . . . . Wheels 2594 | 37 870 1314 373 . Hover . | . . . . . Flight . | . . . . . Fastest Speed 50 | 50 80 135 135 . Average Speed 150 | 79 135 166 136 . Slowest Speed 200 | 100 200 200 175 . Overloaded Moves . | . . . . . Propulsion Burnouts . | . . . . . Robots Hopped . | . . . . . Potential Cave-ins . | . . . . . Cave-ins Triggered . | . . . . . Exploration Rate (%) 45 | 3 98 101 26 1 Regions Visited 4 Branch Regions 2 Pre-discovered Areas 2 | . 1 1 . . Known Exits Taken 3 | . 1 1 1 . Unknown Exits Taken 1 | 1 . . . . Scrap Searched 9 | . . 1 8 . Spaces Dug . | . . . . . Terrain Destroyed 31 | . 2 29 . . Melee . | . . . . . Projectile . | . . . . . AOE 31 | . 2 29 . . Terrain Rammed . | . . . . . Walls Destroyed . | . . . . . Machines Disabled . | . . . . . Actions | -11 -10 -10 -10 -8 --------- Run | Yrd Mat Min Sub Mat Total 3073 | 56 1103 1504 410 . Wait 302 | . 129 158 15 . Move 2593 | 39 869 1313 372 . Hop . | . . . . . Pick Up 32 | 6 20 3 3 . Fast Attach 11 | 6 3 2 . . Attach 5 | 1 . 2 2 . Detach . | . . . . . Swap 16 | . 9 4 3 . Drop 12 | . 7 1 4 . Fire 99 | 4 65 19 11 . Melee . | . . . . . Ram 3 | . 1 2 . . Kick . | . . . . . Crush . | . . . . . Escape Stasis . | . . . . . Rewire . | . . . . . Trap . | . . . . . Miscellaneous . | . . . . . Route ------- -11/Scrapyard -10/Materials (discovered 4 exits: *Mat x3 / *Min) -10/Mines (discovered 3 exits: *Mat x2 / *Sub) -10/Subcaves (discovered 2 exits: *Mat / [*Rec]) -8/Materials History --------- Turn | Location | Event 7 | -11/Scrapyard | Discovered new exit (range 16) 60 | -11/Scrapyard | Entered Materials 205 | -10/Materials | Identified exit to Mines 214 | -10/Materials | Discovered new exit (range 9) 313 | -10/Materials | Build established: Mutant 586 | -10/Materials | Discovered new exit (range 5) 1485 | -10/Materials | Discovered new exit (range 15) 1578 | -10/Materials | Build established: Scavenger-Mutant 1582 | -10/Materials | Entered Mines 1583 | -10/Mines | Assembled infested the area 1634 | -10/Mines | Met a Derelict bent on vengeance 1653 | -10/Mines | Discovered new exit (range 5) 1703 | -10/Mines | Found a damaged Exp. Sensor Array with a note attached 1705 | -10/Mines | Found Prototype Device 1797 | -10/Mines | Discovered new exit (range 15) 2119 | -10/Mines | Build established: Mutant 2469 | -10/Mines | Discovered new exit (range 15) 2482 | -10/Mines | Received a Mining Laser from a helpful Derelict 2506 | -10/Mines | Identified exit to Materials 3255 | -10/Mines | Learned location of Zion (-7) 3509 | -10/Mines | Identified exit to Subcaves 4001 | -10/Mines | Entered Subcaves 4002 | -10/Subcaves | Approached by a straggling Scientist 4518 | -10/Subcaves | Core integrity fell below 50% 4553 | -10/Subcaves | Discovered new exit (range 9) 4560 | -10/Subcaves | Discovered new exit (range 14) 4567 | -10/Subcaves | Identified exit to Materials 4568 | -10/Subcaves | Entered Materials 4568 | -8/Materials | Evolved 4 slots: Propulsion x1, Utility x2, Weapon x1 4568 | -8/Materials | Self-destructed Last Messages --------------- 04519_ S-10 Pest destroyed. 04519_ Switching to secondary target: S-10 Pest. 04520_ Acquired 5 matter. 04529_ Flight Unit fries itself beyond repair. 04531_ S-10 Pest destroyed. 04532_ Acquired 5 matter. 04533_ Flight Unit fries itself beyond repair. 04540_ System corrupted: Substantial component data lost. 04547_ Flight Unit fries itself beyond repair. 04553_ EXIT=FOUND 04558_ System corrupted: Component data lost. 04560_ EXIT=FOUND 04561_ Battle Rifle destroyed. 04563_ Com. Wheel destroyed. 04564_ Sub. Machine Gun destroyed. 04567_ EXIT=IDENTIFIED: MATERIALS PARAMETERS=PROPULSION+1,UTILITY+2,WEAPON+1 LOCATION=MATERIALS GOAL=ESCAPE Map ----- +----------------------------------------------------+ | | | | | | | | | | | | | | | | | | | | | | | | | ?????????????????????????????????????????????????? | | ?????????????????????????????????????????????????? | | ?????????????????????????????????????????????????? | | ?????????????????????????????????????????????????? | | ?????????????????????????????????????????????????? | | ?????????????????????????????????????????????????? | | ?????????????????????????????????????????????????? | | ?????????????????????????????????????????????????? | | ?????????????????????????????????????????????????? | | ?????????????????????????????????????????????????? | | ?????????????????????????????????????????????????? | | ???????????????????????#####?????????????????????? | | ???????????????????????# #?????????????????????? | | ???????????????????????# @ #?????????????????????? | | ???????????????????????# #?????????????????????? | | ???????????????????????+ +?????????????????????? | | ???????????????????????# #?????????????????????? | | ???????????????????????# #?????????????????????? | | ???????????????????????# #?????????????????????? | | ??????????????????????? ! ?????????????????????? | | ??????????????????????? ?????????????????????? | | ??????????????????????? T ?????????????????????? | | ?????????????????????? ????????????????????? | | ??????????????????????# #????????????????????? | | ??????????????????????###+###????????????????????? | | ?????????????????????????????????????????????????? | | ?????????????????????????????????????????????????? | | ?????????????????????????????????????????????????? | | ?????????????????????????????????????????????????? | | ?????????????????????????????????????????????????? | | ?????????????????????????????????????????????????? | | ?????????????????????????????????????????????????? | | ?????????????????????????????????????????????????? | | ?????????????????????????????????????????????????? | | ?????????????????????????????????????????????????? | | ?????????????????????????????????????????????????? | | ?????????????????????????????????????????????????? | | ?????????????????????????????????????????????????? | +----------------------------------------------------+ Best States ------------- Heat Dissipation 25 Energy Generation 15 Energy Capacity 250 Matter Stores 300 Matter Capacity 300 Sight Range 16 Terrain Scan Density 10 Evasion (%) 44 Item Schematics ----------------- None Robot Schematics ------------------ None Fabricated ------------ Nothing Repaired ---------- Nothing Alien Tech Used ----------------- None Achievements -------------- None Challenges ------------ None Game ------ Seed CooledCompactRipper Manual? 0 Play Time 00:20:46 Cumulative 12.1 hours Start 2025.06.03 @ 12:06:10 End 2025.06.03 @ 12:26:57 Sessions 1 Manual Loads 0 Difficulty Rogue Special Mode None Game No. 22 Rogue 22 Adventurer 0 Explorer 0 Win Type - Total 0 Types 0/0/0/0/0/0/0/0/0/0 Lore% 27 Gallery% 15 Achievement% 25 Wizard Run 0 Options --------- Layout 1 ASCII 0 Keyboard 0 Movement Numpad Keybinds 0 Fullscreen 2 Font 24/Smallcaps Map View 50x35 Zoom Use 0% Tactical HUD 1 Map Filters NONE Filters NONE Steam 1 RUN: 73e83309-6538-4681-9e89-a36ace9feb43